 Dungeon Crawl Stone Soup version 0.26.0-90-g5fd8617961 (webtiles) character file.

Game seed: 8032586073224222118

2205 Gadfly the Warrior (level 9, -1/81 HPs)
             Began as an Ogre Gladiator on Feb 2, 2021.
             Was a Believer of Okawaru.
             Slain by a gnoll
             ... wielding a +2 spear of venom
              (8 damage)
             ... on level 8 of the Dungeon on Feb 3, 2021.
             The game lasted 00:12:16 (9238 turns).

Gadfly the Warrior (Ogre Gladiator)                 Turns: 9238, Time: 00:12:17

Health: -1/81      AC:  4    Str: 23    XL:     9   Next: 34%
Magic:  13/13      EV: 11    Int:  9    God:    Okawaru [**....]
Gold:   369        SH:  0    Dex: 16    Spells: 8/8 levels left

rFire    . . .     SeeInvis .   b - +3 short sword (venom)
rCold    + . .     Faith    .   (no shield)
rNeg     . . .     Spirit   .   y - +0 robe (curse)
rPois    .         Reflect  .   c - +1 hat
rElec    .         Harm     .   (no cloak)
rCorr    .         Rampage  .   (gloves unavailable)
Will     .....                  (boots unavailable)
Stlth    +.........             h - amulet of regeneration
HPRegen  0.63/turn              f - +6 ring of dexterity
MPRegen  0.13/turn              z - ring of protection from cold

@: no status effects
A: large, unfitting armour, tough skin 1
a: Renounce Religion, Heroism


You were on level 8 of the Dungeon.
You worshipped Okawaru.
Okawaru was pleased with you.
You visited 2 branches of the dungeon, and saw 9 of its levels.

You collected 383 gold pieces.
You spent 14 gold pieces at shops.

Inventory:

Hand Weapons
 a - a +0 flail
 b - a +3 short sword of venom (weapon)
 g - a +0 giant club
 p - a +1 hand axe of flaming
 t - a +1 vampiric hand axe
Missiles
 d - 3 throwing nets
 x - 6 boomerangs (quivered)
Armour
 c - a +1 hat (worn)
 y - a cursed +0 robe (worn)
Jewellery
 f - a +6 ring of dexterity (left hand)
 h - an amulet of regeneration (around neck)
 l - an uncursed amulet of guardian spirit
 u - an uncursed ring of protection from cold
 z - a ring of protection from cold (right hand)
Wands
 q - a wand of flame (8)
Scrolls
 e - a scroll of blinking
 j - a scroll of teleportation
 s - 3 scrolls of remove curse
 v - 3 scrolls of identify
 w - a scroll of enchant armour
Potions
 i - 2 potions of curing
 k - 3 potions of flight
 m - 2 potions of lignification
 n - a potion of haste
 o - a potion of attraction
 r - a potion of might


   Skills:
 * Level 3.0 Fighting
 * Level 4.6 Maces & Flails
 * Level 4.6 Throwing
 + Level 4.8 Armour
 - Level 2.6 Dodging
 + Level 6.4 Invocations
 + Level 4.9 Evocations


You had 8 spell levels left.
You didn't know any spells.
Your spell library was empty.

Dungeon Overview and Level Annotations

Branches:
Dungeon (8/15)             Temple (1/1) D:4
   Lair: D:8-11

Altars:
Ashenzari
Cheibriados
Dithmenos
Elyvilon
Fedhas
Gozag
Hepliaklqana
Kikubaaqudgha
Makhleb
Nemelex Xobeh
Okawaru
Qazlal
Ru
Sif Muna
Trog
Uskayaw
Vehumet
Wu Jian
Xom
Yredelemnul
Zin

Shops:
D:6 ?   D:7 [?((


Innate Abilities, Weirdness & Mutations

You are too large for most types of armour.
You have tough skin. (AC +1)


Message History

The howler monkey is almost dead.
You feel sick. The howler monkey hits you.
* * * LOW HITPOINT WARNING * * *
The howler monkey hoots and howls with incredible vigour!
Unknown command.
The howler monkey hits you!
* * * LOW HITPOINT WARNING * * *
You feel sick.
You feel better.
The howler monkey hoots and howls with incredible vigour!
The howler monkey hits you.
* * * LOW HITPOINT WARNING * * *
Okay, then.
You hit the howler monkey.
You kill the howler monkey!
Okawaru accepts your kill.
The gnoll hits you from afar with a +2 spear of venom!
* * * LOW HITPOINT WARNING * * *
The gnoll hits you from afar with a +2 spear of venom!
You die...

#.#.#..#####..$....#
#..................#
#........g.....#+***
#.......######.#,*
#....^..#..,.#.#,*
#......h#.##.#h#,* *******
#.#....h#....#g#,* *,,,,,*
#,#...#g#....#†#,***********,*
*,#.#.#).....#@#,*,,,,,,,,,*,*
***,#.#.F.<..#.#.#,,,,,,,,,,,*,*
,,,......#######..,,,*********,*
,,,....$.+,,,,,....,,,,,,,,,,,,*
,,,......******#####*************
,,,......+,,,,,,,,,,,,,,,,,,,,,,,
,,,......************************
,,,....,,,,,,,,,,,,,,,,,,,,,,,,,,
*********************************


You could see a howler monkey and a gnoll.

Vanquished Creatures
  An ice beast (D:7)
  2 phantoms
  2 ogres
  A centaur (D:7)
  2 big kobolds (D:7)
  2 bullfrogs (D:6)
  2 scorpions
  2 wyvern skeletons (D:7)
  7 howler monkeys
  5 electric eels (D:6)
  A bullfrog zombie (D:7)
  3 orc priests
  8 orc wizards
  A hound (D:5)
  3 bullfrog skeletons
  An iguana (D:6)
  3 worker ants
  Terence (D:3)
  A hound skeleton (D:6)
  A howler monkey zombie (D:7)
  2 gnolls (D:8)
  5 adders
  2 white imps
  2 ufetubi (D:7)
  An ooze (D:2)
  2 worms (D:4)
  4 leopard geckos
  18 orcs
  2 ball pythons
  4 giant cockroaches
  A goblin (D:1)
  4 hobgoblins
  10 jackals
  20 kobolds
  4 quokkas
  5 bats
  3 frilled lizards
  2 rats
140 creatures vanquished.

Vanquished Creatures (others)
  3 plants (D:6)
3 creatures vanquished.

Grand Total: 143 creatures vanquished

Notes
Turn   | Place    | Note
-------+----------+-------------------------------------------
     0 | D:1      | Gadfly the Ogre Gladiator began the quest for the Orb.
     0 | D:1      | Reached XP level 1. HP: 22/22 MP: 1/1
   535 | D:1      | Reached XP level 2. HP: 23/29 MP: 2/2
  1270 | D:2      | Reached skill level 1 in Invocations
  1402 | D:2      | Reached XP level 3. HP: 24/36 MP: 3/3
  1592 | D:2      | Found a hide-covered altar of Uskayaw.
  1685 | D:2      | Reached skill level 1 in Evocations
  1714 | D:2      | Reached skill level 1 in Armour
  2860 | D:3      | Reached XP level 4. HP: 44/44 MP: 5/5
  2890 | D:3      | Reached skill level 2 in Invocations
  2941 | D:3      | Found a sacrificial altar of Ru.
  2942 | D:3      | Found a snail-covered altar of Cheibriados.
  2942 | D:3      | Found a hazy altar of Hepliaklqana.
  2945 | D:3      | Found a shadowy altar of Dithmenos.
  3294 | D:3      | Noticed Terence
  3302 | D:3      | Killed Terence
  3757 | D:4      | Reached XP level 5. HP: 49/50 MP: 4/6
  4057 | D:4      | Reached skill level 3 in Invocations
  4057 | D:4      | Found a staircase to the Ecumenical Temple.
  4080 | D:4      | Reached XP level 6. HP: 19/59 MP: 5/8
  4304 | Temple   | Entered the Ecumenical Temple
  4312 | Temple   | Became a worshipper of Warmaster Okawaru
  4596 | D:5      | Entered Level 5 of the Dungeon
  5138 | D:5      | Reached XP level 7. HP: 66/66 MP: 9/9
  5385 | D:4      | Reached * piety under Okawaru
  5386 | D:4      | Reached skill level 4 in Invocations
  6354 | D:6      | Reached XP level 8. HP: 65/74 MP: 9/11
  6695 | D:6      | Reached skill level 5 in Invocations
  6756 | D:6      | Reached ** piety under Okawaru
  6905 | D:6      | Found Menafoot's Magic Scroll Shop.
  7285 | D:7      | Found Tekaap's Armour Shop.
  7467 | D:7      | HP: 1/74 [wyvern skeleton (13)]
  8007 | D:7      | Reached skill level 6 in Invocations
  8007 | D:7      | Reached XP level 9. HP: 61/80 MP: 10/13
  8421 | D:7      | Found Rana's Weapon Emporium.
  8472 | D:7      | Found Vish's Weapon Emporium.
  8624 | D:7      | Found a shimmering altar of Xom.
  8748 | D:7      | Found Ady Noti's Magic Scroll Shoppe.
  8757 | D:7      | Bought a scroll of noise for 14 gold pieces
  8866 | D:7      | Found a stormy altar of Qazlal.
  9092 | D:8      | Noticed a white ugly thing
  9238 | D:8      | Slain by a gnoll

Illustrated notes

Levels and vault maps discovered:
D:1:      lightli_iron_boxes, layout_basic, chequers_serial_rivers_small_a
D:2:      layout_basic, nicolae_overflow_crystal_walls, item_on_display_a
D:3:      layout_loops_corners, minitemple, uniq_terence
D:4:      layout_rooms, minmay_temple_entry_statues_fountains
D:5:      layout_cave_pools
D:6:      layout_cave_pools, serial_bayou, serial_bayou_pond_a,
          serial_bayou_pond_d, serial_bayou_pond_d, serial_bayou_lagoon_b,
          serial_shops, shop_fountains
D:7:      layout_loops_ring, tgw_xom, grunt_qazlal_sundering, serial_shops,
          nicolae_shop_crystal, nicolae_shop_statue_plus,
          nicolae_shop_waterfront, shop
D:8:      layout_basic, serial_shops, shop_coins, enter_bailey_3, uniq_grum
Temple:   eino_temple_lava

Skill      XL: |  1  2  3  4  5  6  7  8  9 |
---------------+----------------------------+-----
Invocations    | 1 2 3 4 6 |  6.4
Evocations     | 1 2 3 4 |  4.9
Armour         | 1 2 3 4 |  4.8
Maces & Flails | 3 4 |  4.6
Throwing       | 3 4 |  4.6
Fighting       | 3 |  3.0
Dodging        | |  2.6

Action                   |  1- 3 |  4- 6 |  7- 9 || total
-------------------------+-------+-------+-------++-------
Melee: Flail             |     7 |    10 |    56 ||    73
       Short sword       |    74 |   110 |   218 ||   402
       Punch             |       |       |     1 ||     1
Throw: Stone             |     6 |       |     9 ||    15
       Boomerang         |       |       |    29 ||    29
Invok: Heroism           |       |       |     1 ||     1
Evoke: Wand              |       |       |     6 ||     6
  Use: Scroll            |     5 |     7 |     7 ||    19
       Potion            |       |     2 |     3 ||     5
 Stab: Sleeping          |     1 |       |       ||     1
Armor: Robe              |    22 |    25 |    51 ||    98
Dodge: Dodged            |    49 |    67 |   156 ||   272
